caesar, neutral male human Barbarian ----- ...|| ---+- ------ |...-# |...| |{...| #|...|# #....+ |.....###########|...|# ###|...| |....| #|...|# # |...| |....| #....|# ### ---.- |..... #---.-### # # -.--|- ### ## # ### # # # # # # ### # ### `######################################## ###### # # # # ### ---------# ----.-.- # ### # # # |........# |......| # # ### ###|.......| |.....)+ --------d- ###-------# #...^....| |......| |......@%| #.......# |.....(.| |......| |[???%![@| |.....|# --------- -------- |[(?!)()m| |.).... ---------- -----+- caesar the Plunderer Experience level: 2 Strength: 18 Dexterity: 18 Constitution: 18 Intelligence: 8 Wisdom: 7 Charisma: 6 Health: 0(28) Energy: 3(3) Def: 4 Gold: 244 Moves: 1315 Dungeon seed: h_GhzR0970aaHXIW Game ID: caesar_1507992338 Your Inventory: Coins $ - 244 gold pieces Weapons a - a +0 two-handed sword (weapon in hands) b - a +0 axe (alternate weapon; not wielded) Armor e - an uncursed +0 ring mail (being worn) q - an uncursed +0 pair of kicking boots (being worn) Comestibles c - an uncursed food ration Scrolls i - an uncursed scroll of magic mapping j - an uncursed scroll of light n - an uncursed scroll of teleportation Spellbooks s - an uncursed spellbook of haste self Potions f - a cursed potion of levitation k - an uncursed potion of acid m - an uncursed potion of booze p - an uncursed potion of levitation Wands l - a wand of fire (0:6) Tools d - an uncursed oil lamp (0:1130) Spells and supernatural/magical abilities: Name Level Category Fail Memory W - pray for help -- divine ? -- Your skills at the end: Fighting Skills bare handed combat [Basic] Weapon Skills axe [Basic] two-handed sword [Basic] Spellcasting Skills Final Attributes: You were piously aligned. You were poison resistant. You were held by a large mimic. You are dead. Vanquished creatures: a hobbit a large kobold 7 sewer rats 4 grid bugs 2 lichens 2 kobold zombies 2 newts 19 creatures vanquished. Voluntary challenges: You followed a strict vegan diet. You were an atheist. You used a wielded weapon 16 times, starting on turn 92. You were illiterate. You never genocided any monsters. You never polymorphed an object. You never changed form. You used no wishes. You never split a pudding. You never wrote Elbereth's name. You never violated your personal moral code. Dungeon overview: The Dungeons of Doom: levels 1 to 3 Level 1 some fountains a long staircase Level 2 stairs to The Gnomish Mines Level 3 <- You were here a general store, a fountain The Gnomish Mines: Level 3 stairs to The Dungeons of Doom History has recorded: On T:1 you entered the Dungeons of Doom to retrieve the Amulet of Yendor! On T:314 you reached level 2 of The Dungeons of Doom. On T:562 you reached level 1 of The Gnomish Mines. On T:1060 you reached level 3 of The Dungeons of Doom. On T:1067 you advanced to experience level 2. Score breakdown: Gold: 244 ( 8127 points) Experience: 2 levels ( 5570 points) Exploration: 3 levels ( 6.38%) ( 6255 points) Discoveries: 0 items ( 0.00%) ( 0 points) Valuables value: (no points given unless you survive) Artifact value: 0 ( 0 points) Variety of kills: 7 monsters ( 1.84%) ( 4066 points) Turncount: 1315 turns ( 0 points) Survival: died (score multiplied by 80%) Total score: 19214 Latest messages: You miss the sewer rat. The sewer rat bites! You kill the sewer rat! You see here an orcish cloak (60 zorkmids). Pudgy picks up a food ration. Wait! That's a large mimic! The large mimic hits! You cannot escape from the large mimic! Pudgy drops a food ration. You cannot escape from the large mimic! Pudgy picks up a food ration. You cannot escape from the large mimic! Pudgy drops a food ration. You cannot escape from the large mimic! The large mimic hits! You cannot escape from the large mimic! (3x) Pudgy picks up a food ration. You smite the large mimic! Pudgy drops a food ration. The large mimic hits! You die... Wonotobo gratefully inherits all your possessions. Final status: Goodbye caesar the Barbarian, killed by a large mimic... You died in The Dungeons of Doom on dungeon level 3 with 19214 points, and 244 pieces of gold, after 1315 moves. You were level 2 with a maximum of 28 hit points when you died.